| TOP OF THE 1ST |
|
St. Louis Cardinals batting - Pitching for Cincinnati Reds : RHP Matt Flink
|
|
Pitching: RHP Matt Flink
|
|
|
Batting: LHB Tommy Luce
|
0-0: Ball 1-0: Ball 2-0: Ball 3-0: Base on Balls
|
|
Batting: LHB Tom Butterbaugh
|
0-0: Called Strike 0-1: Foul Ball, location: 2F 0-2: Ball 1-2: Fly out, F8 (Flyball, 8RD, EV 99.4 MPH)
|
|
Batting: SHB Antoine Roux
|
0-0: Ball Tommy Luce is caught stealing 2nd base 2-6 1-0: Foul Ball, location: 2F 1-1: Called Strike 1-2: Ball 2-2: Ball 3-2: Strikes out looking
|
| Top of the 1st over - 0 runs, 0 hits, 0 errors, 0 left on base; St. Louis 0 - Cincinnati 0 |
| BOTTOM OF THE 1ST |
|
Cincinnati Reds batting - Pitching for St. Louis Cardinals : RHP Geoff Mooney
|
|
Pitching: RHP Geoff Mooney
|
|
|
Batting: LHB Satoru Handa
|
0-0: Fly out, F7 (Line Drive, 78S, EV 100.0 MPH)
|
|
Batting: LHB Jesus Lozano
|
0-0: Called Strike 0-1: Ball 1-1: Foul Ball, location: 2F 1-2: Ball 2-2: Ball 3-2: Foul Ball, location: 2F 3-2: Fly out, F7 (Flyball, 78M, EV 85.6 MPH)
|
|
Batting: LHB Sean Geisler
|
0-0: Swinging Strike 0-1: Ball 1-1: Called Strike 1-2: Foul Ball, location: 2F 1-2: Strikes out swinging
|
| Bottom of the 1st over - 0 runs, 0 hits, 0 errors, 0 left on base; St. Louis 0 - Cincinnati 0 |
| TOP OF THE 2ND |
|
St. Louis Cardinals batting - Pitching for Cincinnati Reds : RHP Matt Flink
|
|
Batting: LHB John Blair
|
0-0: Fly out, F7 (Flyball, 7D, EV 86.9 MPH)
|
|
Batting: LHB Zack Berney
|
0-0: Fly out, F7 (Flyball, 7, EV 89.4 MPH)
|
|
Batting: RHB Francisco Hernandez
|
0-0: Called Strike 0-1: SINGLE (Groundball, 56, EV 106.3 MPH)
|
|
Batting: RHB Sergio Godinez
|
Pickoff Throw to First - Error! E1 Francisco Hernandez to second 0-0: Ball 1-0: Ground out 6-3 (Groundball, 6, EV 90.6 MPH)
|
| Top of the 2nd over - 0 runs, 1 hit, 1 error, 1 left on base; St. Louis 0 - Cincinnati 0 |
| BOTTOM OF THE 2ND |
|
Cincinnati Reds batting - Pitching for St. Louis Cardinals : RHP Geoff Mooney
|
|
Batting: LHB Jake Bill
|
0-0: Fly out, F8 (Line Drive, 8LM, EV 106.9 MPH)
|
|
Batting: LHB Jon Ledesma
|
0-0: Called Strike 0-1: Ball 1-1: Foul Ball, location: 2F 1-2: Ball 2-2: Ball 3-2: Foul Ball, location: 2F 3-2: Ground out U3 (Groundball, 3, EV 103.1 MPH)
|
|
Batting: LHB Shawn Morrison
|
0-0: Called Strike 0-1: Ball 1-1: Ball 2-1: Fly out, F9 (Flyball, 9, EV 87.5 MPH)
|
| Bottom of the 2nd over - 0 runs, 0 hits, 0 errors, 0 left on base; St. Louis 0 - Cincinnati 0 |
| TOP OF THE 3RD |
|
St. Louis Cardinals batting - Pitching for Cincinnati Reds : RHP Matt Flink
|
|
Batting: RHB Rick O'Reilly
|
0-0: Called Strike 0-1: Bunt for hit to 5S - play at first, batter OUT! 5-3
|
|
Batting: RHB Mark Cahill
|
0-0: Called Strike 0-1: Ball 1-1: Ground out 3-1 (Groundball, 34, EV 100.6 MPH)
|
|
Batting: LHB Tommy Luce
|
0-0: Ball 1-0: Ball 2-0: Ball 3-0: Called Strike 3-1: Base on Balls
|
|
Batting: LHB Tom Butterbaugh
|
0-0: Ball Tommy Luce steals 2nd base (no throw) 1-0: Called Strike 1-1: SINGLE (Flyball, 8LS, EV 89.4 MPH) Tommy Luce to third Runner from 3rd tries for Home, SAFE, throw by CF to home
|
|
Batting: SHB Antoine Roux
|
0-0: Ball 1-0: Foul Ball, location: 2F 1-1: Ball 2-1: Ball 3-1: Base on Balls Tom Butterbaugh to second
|
|
Batting: LHB John Blair
|
0-0: Swinging Strike 0-1: Foul Ball, location: 2F 0-2: Ball 1-2: SINGLE (Groundball, 23, EV 70.0 MPH) (infield hit) Tom Butterbaugh to third Antoine Roux to second
|
|
Batting: LHB Zack Berney
|
0-0: Ball 1-0: Called Strike 1-1: Foul Ball, location: 2F 1-2: Foul Ball, location: 2F 1-2: Ball 2-2: Hit by Pitch Tom Butterbaugh scores Antoine Roux to third John Blair to second
|
|
Batting: RHB Francisco Hernandez
|
0-0: Called Strike 0-1: Ball 1-1: Ball 2-1: Foul Ball, location: 2F 2-2: Ball 3-2: Ground out 6-3 (Groundball, 6, EV 103.1 MPH)
|
| Top of the 3rd over - 2 runs, 2 hits, 0 errors, 3 left on base; St. Louis 2 - Cincinnati 0 |
| BOTTOM OF THE 3RD |
|
Cincinnati Reds batting - Pitching for St. Louis Cardinals : RHP Geoff Mooney
|
|
Batting: SHB Dave Barefoot
|
0-0: Ball 1-0: Ball 2-0: Ground out 3-1 (Groundball, 13, EV 81.9 MPH)
|
|
Batting: RHB Willie Lazcano
|
0-0: Ground out 5-3 (Groundball, 56S, EV 85.0 MPH)
|
|
Batting: LHB Andy Arbuckle
|
0-0: Ball 1-0: Ball 2-0: Called Strike 2-1: Foul Ball, location: 2F 2-2: Fly out, F8 (Flyball, 8RXD, EV 86.9 MPH)
|
| Bottom of the 3rd over - 0 runs, 0 hits, 0 errors, 0 left on base; St. Louis 2 - Cincinnati 0 |
| TOP OF THE 4TH |
|
St. Louis Cardinals batting - Pitching for Cincinnati Reds : RHP Matt Flink
|
|
Batting: RHB Sergio Godinez
|
0-0: Foul Ball, location: 2F 0-1: Ball 1-1: Swinging Strike 1-2: Ball 2-2: Strikes out looking
|
|
Batting: RHB Rick O'Reilly
|
0-0: Called Strike 0-1: Ball 1-1: Foul Ball, location: 2F 1-2: Strikes out swinging
|
|
Batting: RHB Mark Cahill
|
0-0: Ball 1-0: Ball 2-0: Ground out 6-3 (Groundball, 6, EV 89.4 MPH)
|
| Top of the 4th over - 0 runs, 0 hits, 0 errors, 0 left on base; St. Louis 2 - Cincinnati 0 |
| BOTTOM OF THE 4TH |
|
Cincinnati Reds batting - Pitching for St. Louis Cardinals : RHP Geoff Mooney
|
|
Batting: LHB Satoru Handa
|
0-0: Ball 1-0: Foul Ball, location: 2F 1-1: Ball 2-1: Ball 3-1: Called Strike 3-2: Ground out 4-3 (Groundball, P, EV 95.6 MPH)
|
|
Batting: LHB Jesus Lozano
|
0-0: Ball 1-0: Ball 2-0: Ground out 4-3 (Groundball, 4M, EV 82.5 MPH)
|
|
Batting: LHB Sean Geisler
|
0-0: Called Strike 0-1: Ball 1-1: Ball 2-1: Ground out 4-3 (Groundball, 34, EV 80.0 MPH)
|
| Bottom of the 4th over - 0 runs, 0 hits, 0 errors, 0 left on base; St. Louis 2 - Cincinnati 0 |
| TOP OF THE 5TH |
|
St. Louis Cardinals batting - Pitching for Cincinnati Reds : RHP Matt Flink
|
|
Pitching: LHP Logan Moultry
|
|
|
Batting: LHB Tommy Luce
|
0-0: Swinging Strike 0-1: Called Strike 0-2: Ball 1-2: Strikes out swinging
|
|
Batting: LHB Tom Butterbaugh
|
0-0: Called Strike 0-1: Ball 1-1: Swinging Strike 1-2: Ball 2-2: Ground out 4-3 (Groundball, 4, EV 97.5 MPH)
|
|
Batting: SHB Antoine Roux
|
0-0: SINGLE (Line Drive, 9S, EV 93.8 MPH)
|
|
Batting: LHB John Blair
|
0-0: Ball 1-0: 2-RUN HOME RUN (Flyball, 7LD, EV 94.4 MPH), Distance : 363 ft
|
|
Batting: LHB Zack Berney
|
0-0: Called Strike 0-1: Foul Ball, location: 2F 0-2: Ball 1-2: Ball 2-2: Foul Ball, location: 2F 2-2: Ground out 6-3 (Groundball, 6, EV 87.5 MPH)
|
| Top of the 5th over - 2 runs, 2 hits, 0 errors, 0 left on base; St. Louis 4 - Cincinnati 0 |
| BOTTOM OF THE 5TH |
|
Cincinnati Reds batting - Pitching for St. Louis Cardinals : RHP Geoff Mooney
|
|
Pitching: RHP Danny Bustos
|
|
|
Batting: LHB Jake Bill
|
0-0: Ball 1-0: SINGLE (Groundball, 5D, EV 98.8 MPH)
|
|
Batting: LHB Jon Ledesma
|
0-0: Ball 1-0: Called Strike 1-1: Swinging Strike 1-2: Foul Ball, location: 2F 1-2: Strikes out swinging
|
|
Batting: LHB Shawn Morrison
|
0-0: Ball 1-0: Ball 2-0: TRIPLE (Flyball, 8RXD, EV 103.8 MPH) Jake Bill scores
|
|
Batting: SHB Dave Barefoot
|
0-0: Ball 1-0: Called Strike 1-1: Ball 2-1: Ball 3-1: DOUBLE (Line Drive, 78XD, EV 108.1 MPH) Shawn Morrison scores
|
|
Batting: RHB Willie Lazcano
|
0-0: Ball 1-0: Foul Ball, location: 2F 1-1: Ball 2-1: Ball Dave Barefoot steals 3rd base 3-1: Base on Balls
|
|
Batting: LHB Andy Arbuckle
|
0-0: Ball 1-0: Called Strike 1-1: Foul Ball, location: 2F 1-2: Ball 2-2: Foul Ball, location: 2F 2-2: Ball 3-2: SINGLE (Groundball, 6, EV 101.3 MPH) Dave Barefoot scores Willie Lazcano to second
|
|
Pitching: LHP Nick Suggett
|
|
|
Pinch Hitting: RHB Tom Beckman
|
0-0: Ball 1-0: Ball 2-0: Called Strike 2-1: Foul Ball, location: 2F 2-2: SINGLE (Line Drive, 8LS, EV 106.9 MPH) Willie Lazcano to third Andy Arbuckle to second
|
|
Batting: LHB Jesus Lozano
|
0-0: Ball 1-0: Called Strike 1-1: DOUBLE (Line Drive, 89XD, EV 106.3 MPH) Willie Lazcano scores Andy Arbuckle scores Tom Beckman to third Runner from 3rd tries for Home, SAFE, throw by CF to trailing runner, SAFE at third!
|
|
Batting: LHB Sean Geisler
|
0-0: Called Strike 0-1: Ball 1-1: Ball 2-1: Ball 3-1: Base on Balls
|
|
Batting: LHB Jake Bill
|
0-0: Called Strike 0-1: Ball 1-1: Ball 2-1: Called Strike 2-2: Ball 3-2: SINGLE (Flyball, 7LS, EV 88.8 MPH) Jesus Lozano scores Sean Geisler to second
|
|
Batting: LHB Jon Ledesma
|
0-0: Ball 1-0: Ball 2-0: Called Strike 2-1: Ball 3-1: Swinging Strike 3-2: Strikes out swinging
|
|
Batting: LHB Shawn Morrison
|
0-0: Called Strike 0-1: Ground out 1-3 (Groundball, P, EV 73.8 MPH)
|
| Bottom of the 5th over - 7 runs, 7 hits, 0 errors, 2 left on base; St. Louis 4 - Cincinnati 7 |
| TOP OF THE 6TH |
|
St. Louis Cardinals batting - Pitching for Cincinnati Reds : LHP Logan Moultry
|
|
Now in LF: Fred Slade
|
|
|
Batting: RHB Francisco Hernandez
|
0-0: Called Strike 0-1: Called Strike 0-2: Ball 1-2: Strikes out swinging
|
|
Batting: RHB Sergio Godinez
|
0-0: Ball 1-0: Reached on error, E6 (Groundball, 6, EV 83.8 MPH)
|
|
Batting: RHB Rick O'Reilly
|
0-0: Ground out 4-3 (Groundball, 34, EV 105.6 MPH) Sergio Godinez to second
|
|
Batting: RHB Mark Cahill
|
0-0: Called Strike 0-1: Foul Ball, location: 2F 0-2: Ball 1-2: Foul Ball, location: 2F 1-2: Ball 2-2: Ball 3-2: Strikes out swinging
|
| Top of the 6th over - 0 runs, 0 hits, 1 error, 1 left on base; St. Louis 4 - Cincinnati 7 |
| BOTTOM OF THE 6TH |
|
Cincinnati Reds batting - Pitching for St. Louis Cardinals : LHP Nick Suggett
|
|
Pitching: RHP Danny Romero
|
|
|
Batting: SHB Dave Barefoot
|
0-0: Called Strike 0-1: Ball 1-1: Ball 2-1: Called Strike 2-2: Ball 3-2: Foul Ball, location: 2F 3-2: Ground out 4-3 (Groundball, 4S, EV 84.4 MPH)
|
|
Batting: RHB Willie Lazcano
|
0-0: Ball 1-0: Ball 2-0: SOLO HOME RUN (Flyball, 89XD, EV 106.9 MPH), Distance : 432 ft
|
|
Batting: LHB Andy Arbuckle
|
0-0: Ball 1-0: Ball 2-0: Foul Ball, location: 2F 2-1: Ball 3-1: Base on Balls
|
|
Batting: RHB Fred Slade
|
0-0: Foul Ball, location: 2F 0-1: Ball Andy Arbuckle steals 2nd base 1-1: Ground out 6-3 (Groundball, 6, EV 85.0 MPH) Andy Arbuckle to third
|
|
Pinch Hitting: RHB Casey Truax
|
0-0: TRIPLE (Line Drive, 78XD, EV 98.1 MPH) Andy Arbuckle scores
|
|
Pinch Hitting: SHB Saulo Maina
|
0-0: Foul Ball, location: 2F 0-1: Called Strike 0-2: Fly out, F5 (Popup, 25F, EV 91.3 MPH)
|
| Bottom of the 6th over - 2 runs, 2 hits, 0 errors, 1 left on base; St. Louis 4 - Cincinnati 9 |
| TOP OF THE 7TH |
|
St. Louis Cardinals batting - Pitching for Cincinnati Reds : LHP Logan Moultry
|
|
Now at 1B: Saulo Maina
|
|
|
Now at 2B: Dave Barefoot
|
|
|
Now at SS: Casey Truax
|
|
|
Pinch Hitting: RHB Dustin Clark
|
0-0: Ball 1-0: Called Strike 1-1: Ball 2-1: Ball 3-1: Called Strike 3-2: Strikes out swinging
|
|
Pinch Hitting: RHB Eric Chotkowski
|
0-0: Ball 1-0: Ball 2-0: Called Strike 2-1: SINGLE (Groundball, 25, EV 67.5 MPH) (infield hit)
|
|
Pitching: RHP Ragnar Alqvist
|
|
|
Pinch Runner at 1st Tenshou Takita:
|
|
|
Pinch Hitting: RHB Pavpv Ivanushkin
|
0-0: Swinging Strike 0-1: Ball 1-1: Fly out, F9 (Line Drive, 9, EV 103.8 MPH)
|
|
Pinch Hitting: RHB Nick Getz
|
0-0: Ball Tenshou Takita steals 2nd base 1-0: Foul Ball, location: 2F 1-1: Ball 2-1: Fly out, F6 (Popup, P, EV 84.4 MPH)
|
| Top of the 7th over - 0 runs, 1 hit, 0 errors, 1 left on base; St. Louis 4 - Cincinnati 9 |
| BOTTOM OF THE 7TH |
|
Cincinnati Reds batting - Pitching for St. Louis Cardinals : RHP Danny Romero
|
|
Now at 2B: Dustin Clark
|
|
|
Now at 3B: Tenshou Takita
|
|
|
Now in LF: Pavpv Ivanushkin
|
|
|
Now in RF: Nick Getz
|
|
|
Batting: LHB Randy Racine
|
0-0: Ball 1-0: Ball 2-0: Ball 3-0: Base on Balls
|
|
Pinch Hitting: RHB Willie Cardamone
|
0-0: Called Strike 0-1: Foul Ball, location: 2F 0-2: Fly out, F8 (Flyball, 78D, EV 99.4 MPH)
|
|
Batting: LHB Shawn Morrison
|
0-0: Ball 1-0: Called Strike 1-1: Called Strike 1-2: Fielders Choice at 2nd, 5-4 (Groundball, 56, EV 85.0 MPH)
|
|
Batting: SHB Dave Barefoot
|
0-0: Called Strike 0-1: Ball 1-1: SINGLE (Groundball, 4MD, EV 96.9 MPH) (infield hit) Shawn Morrison to second
|
|
Pinch Hitting: LHB Matt Sigurdson
|
0-0: Called Strike 0-1: Foul Ball, location: 2F 0-2: Foul Ball, location: 2F 0-2: Ball 1-2: Ball 2-2: Ball 3-2: 3-RUN HOME RUN (Flyball, 7D, EV 103.1 MPH), Distance : 416 ft
|
|
Pitching: RHP Brian Sanderson
|
|
|
Batting: LHB Andy Arbuckle
|
0-0: Ground out 4-3 (Groundball, 4, EV 85.0 MPH)
|
| Bottom of the 7th over - 3 runs, 2 hits, 0 errors, 0 left on base; St. Louis 4 - Cincinnati 12 |
| TOP OF THE 8TH |
|
St. Louis Cardinals batting - Pitching for Cincinnati Reds : RHP Ragnar Alqvist
|
|
Now at 3B: Matt Sigurdson
|
|
|
Now in CF: Willie Cardamone
|
|
|
Now in RF: Shawn Morrison
|
|
|
Batting: LHB Ben Rubenacker
|
0-0: Called Strike 0-1: Ball 1-1: Foul Ball, location: 2F 1-2: Fly out, F7 (Flyball, 7D, EV 102.5 MPH)
|
|
Pinch Hitting: RHB Jorge Benites
|
0-0: Called Strike 0-1: Ball 1-1: Foul Ball, location: 2F 1-2: Strikes out swinging
|
|
Batting: RHB Sergio Godinez
|
0-0: Ball 1-0: Ball 2-0: Foul Ball, location: 2F 2-1: Foul Ball, location: 2F 2-2: Ball 3-2: Base on Balls
|
|
Pinch Hitting: RHB Dave Cluster
|
0-0: Swinging Strike 0-1: Ball 1-1: Ground out U3 (Groundball, 3, EV 88.8 MPH)
|
| Top of the 8th over - 0 runs, 0 hits, 0 errors, 1 left on base; St. Louis 4 - Cincinnati 12 |
| BOTTOM OF THE 8TH |
|
Cincinnati Reds batting - Pitching for St. Louis Cardinals : RHP Brian Sanderson
|
|
Now at 3B: Dave Cluster
|
|
|
Now at SS: Tenshou Takita
|
|
|
Now in CF: Jorge Benites
|
|
|
Batting: RHB Fred Slade
|
0-0: Fly out, F9 (Flyball, 9, EV 72.5 MPH)
|
|
Batting: RHB Casey Truax
|
0-0: Ball 1-0: Called Strike 1-1: Ball 2-1: Called Strike 2-2: Foul Ball, location: 2F 2-2: Foul Ball, location: 2F 2-2: Strikes out looking
|
|
Batting: SHB Saulo Maina
|
0-0: Called Strike 0-1: Ground out 6-3 (Groundball, 4, EV 85.6 MPH)
|
| Bottom of the 8th over - 0 runs, 0 hits, 0 errors, 0 left on base; St. Louis 4 - Cincinnati 12 |
| TOP OF THE 9TH |
|
St. Louis Cardinals batting - Pitching for Cincinnati Reds : RHP Ragnar Alqvist
|
|
Pinch Hitting: SHB Bobby O'Leary
|
0-0: Called Strike 0-1: Called Strike 0-2: Strikes out swinging
|
|
Batting: RHB Dustin Clark
|
0-0: Called Strike 0-1: Fly out, F4 (Popup, 34, EV 76.3 MPH)
|
|
Batting: RHB Tenshou Takita
|
0-0: Ball 1-0: Ball 2-0: Called Strike 2-1: Fly out, F8 (Line Drive, 8LM, EV 90.6 MPH)
|
| Top of the 9th over - 0 runs, 0 hits, 0 errors, 0 left on base; St. Louis 4 - Cincinnati 12 |
|